 Dungeon Crawl Stone Soup version 0.23.2 (webtiles) character file.

Game seed: 1615455753819544937

196 Borgoz the Cutter (level 5, 0/32 HPs)
             Began as a Gargoyle Gladiator on Apr 7, 2019.
             Killed by divine providence
             ... invoked by an orc priest
              (11 damage)
             ... on level 4 of the Dungeon.
             The game lasted 00:03:30 (2631 turns).

Borgoz the Cutter (Gargoyle Gladiator)              Turns: 2631, Time: 00:03:30

Health: 0/32       AC: 15    Str: 18    XL:     5   Next: 74%
Magic:  5/5        EV:  6    Int:  8    God:
Gold:   140        SH:  0    Dex: 12    Spells: 4/4 levels left

rFire    . . .     SeeInvis .   a - +0 rapier
rCold    . . .     Gourm    .   (no shield)
rNeg     + . .     Faith    .   e - +0 plate armour
rPois    ∞         Spirit   .   c - +0 helmet
rElec    +         Reflect  .   (no cloak)
rCorr    .         Harm     .   (no gloves)
MR       .....                  (no boots)
Stlth    ..........             (no amulet)
HPRegen  0.10/turn              (no ring)
MPRegen  0.09/turn              (no ring)

@: no status effects
A: negative energy resistance 1, electricity resistance, unbreathing,
petrification resistance, rot immunity, AC +4
a: no special abilities


You were on level 4 of the Dungeon.
You were hungry.

You visited 1 branch of the dungeon, and saw 4 of its levels.

You collected 140 gold pieces.

Inventory:

Hand Weapons
 a - a +0 rapier (weapon)
Missiles
 d - 3 throwing nets (quivered)
 i - 5 javelins
Armour
 b - a +0 leather armour
 c - a +0 helmet (worn)
 e - a +0 plate armour (worn)
Jewellery
 p - an uncursed amulet of rage {unknown}
 t - an uncursed ring of flight {unknown}
Scrolls
 g - 4 scrolls of enchant armour {unknown}
 h - 6 scrolls of identify {unknown}
 l - 2 scrolls of teleportation {unknown}
 m - a scroll of fear {unknown}
 n - a scroll of remove curse {unknown}
 o - a scroll of magic mapping {unknown}
 r - a scroll of enchant weapon {unknown}
Potions
 j - a potion of brilliance {unknown}
 s - a potion of flight {unknown}
Comestibles
 f - 10 rations
 q - 2 chunks of flesh


   Skills:
 + Level 3.0 Fighting
 * Level 3.8 Short Blades
 - Level 1.8 Throwing
 + Level 1.5 Armour
 * Level 3.5 Dodging
 + Level 1.8 Stealth


You had 4 spell levels left.
You didn't know any spells.
Your spell library was empty.

Dungeon Overview and Level Annotations

Branches:
Dungeon (4/15)
 Temple: D:4-7

Altars:
Cheibriados
Ru
Uskayaw


Innate Abilities, Weirdness & Mutations

You are resistant to torment.
Your stone body is resilient. (AC +4)
You are immune to poison.
You resist negative energy. (rN+)
You are resistant to electric shocks. (rElec)
You can survive without breathing.
You are immune to petrification.
You are immune to rotting.


Message History

Something hits you but does no damage. The orc hits you but does no damage.
The orc priest hits you but does no damage.
You puncture the orc priest!
The orc priest is severely wounded.
You are feeling hungry.
Something hits you but does no damage. The orc hits you but does no damage.
The orc priest hits you but does no damage.
You hit the orc priest but do no damage.
The orc priest is severely wounded.
Something hits you but does no damage.
The orc priest invokes the aid of Beogh against you.
Beogh smites you!
Ouch! That really hurt!
The orc hits you but does no damage.
You barely miss the orc priest.
The orc priest is severely wounded.
Something hits you but does no damage.
The orc priest mumbles some strange prayers to Beogh against you.
Beogh smites you!
You die...

... .... ..# #...
..###... #...... <....
#... #oo# ###### #{@#
##..<.## #..# #......#
#..# #.....## #..#
#....#####..####..
####...##............
...................###
...............#####
##.............#


You could see an orc priest and an orc.

Vanquished Creatures
  An orc wizard (D:2)
  A worker ant (D:4)
  7 adders
  2 oozes (D:2)
  A worm (D:2)
  A dart slug (D:1)
  3 leopard geckos
  7 orcs
  7 bats
  2 giant cockroaches
  7 goblins
  7 hobgoblins
  2 jackals (D:1)
  2 quokkas (D:2)
  2 frilled lizards (D:1)
  6 kobolds
  3 rats
61 creatures vanquished.

Notes
Turn   | Place    | Note
-------+----------+-------------------------------------------
     0 | D:1      | Borgoz the Gargoyle Gladiator began the quest for the Orb.
     0 | D:1      | Reached XP level 1. HP: 12/12 MP: 1/1
     8 | D:1      | Found a snail-covered altar of Cheibriados.
   163 | D:1      | Reached XP level 2. HP: 17/17 MP: 2/2
   582 | D:2      | Reached XP level 3. HP: 12/22 MP: 3/3
   923 | D:2      | Reached skill level 1 in Stealth
   980 | D:2      | Reached XP level 4. HP: 26/27 MP: 4/4
  1018 | D:2      | Found a hide-covered altar of Uskayaw.
  1042 | D:2      | Found a sacrificial altar of Ru.
  1052 | D:2      | Reached skill level 1 in Armour
  1348 | D:2      | Reached XP level 5. HP: 32/32 MP: 5/5
  1661 | D:3      | Found a faded altar of an unknown god.
  2617 | D:4      | HP: 1/32 [orc priest/divine providence (16)]
  2631 | D:4      | Killed from afar by an orc priest

Skill      XL: |  1  2  3  4  5 |
---------------+----------------+-----
Short Blades   | 3 |  3.8
Dodging        | 3 |  3.5
Stealth        | 1 |  1.8
Armour         | 1 |  1.5
Fighting       | 3 |  3.0
Throwing       | |  1.8

Action                   |  1- 3 |  4- 6 || total
-------------------------+-------+-------++-------
Melee: Rapier            |   126 |   172 ||   298
  Use: Potion            |       |     2 ||     2
 Stab: Paralysed         |       |     1 ||     1
  Eat: Chunk             |       |     2 ||     2
       Ration            |       |     1 ||     1
Armor: Leather armour    |     2 |       ||     2
       Plate armour      |    80 |   152 ||   232
Dodge: Dodged            |    46 |    31 ||    77
